 Dungeon Crawl Stone Soup version 0.20-a0-700-gbd4582c (webtiles) character file.

5824 polly the Blocker (level 10, -5/94 HPs)
             Began as a Gargoyle Fighter on Feb 20, 2017.
             Was a Believer of Okawaru.
             Killed from afar by a hell hound (8 damage)
             ... with a blast of flame
             ... on level 10 of the Dungeon.
             The game lasted 00:13:32 (8742 turns).

polly the Blocker (Gargoyle Fighter)                Turns: 8742, Time: 00:13:33

Health: -5/94      AC: 21    Str: 26    XL:     10   Next: 80%
Magic:  10/10      EV: 13    Int:  9    God:    Okawaru [**....]
Gold:   719        SH: 17    Dex: 16    Spells: 9/9 levels left

rFire    . . .     SeeInvis +   L - +0 hand axe
rCold    + . .     Gourm    .   G - +0 plate armour {rC+}
rNeg     + . .     Faith    .   c - +0 shield
rPois    ∞         Spirit   .   k - +1 hat
rElec    +         Reflect  +   (no cloak)
rCorr    .         Harm     .   (no gloves)
MR       .....                  (no boots)
Stlth    ..........             a - +4 amulet of reflection
Regen    0.3/turn               (no ring)
MPRegen  0.2/turn               l - ring of see invisible

@: agile, berserking, very quick
A: negative energy resistance 1, electricity resistance, unbreathing,
petrification resistance, rot immunity, AC +7
a: Heroism, Renounce Religion


You were on level 10 of the Dungeon.
You worshipped Okawaru.
Okawaru was pleased with you.
You were not hungry.

You visited 2 branches of the dungeon, and saw 11 of its levels.
You also visited: Ossuary.

You collected 719 gold pieces.

Inventory:

Hand Weapons
 L - a +0 hand axe (weapon)
Armour
 c - a +0 shield (worn)
 k - a +1 hat (worn)
 G - a +0 plate armour of cold resistance (worn)
Jewellery
 a - a +4 amulet of reflection (around neck)
 l - a ring of see invisible (left hand)
Wands
 K - a wand of iceblast (9/15)
Scrolls
 b - a scroll of recharging {unknown}
 e - 18 scrolls of identify
 n - 3 scrolls of enchant weapon {unknown}
 o - a scroll of magic mapping {unknown}
 s - a scroll of blinking {unknown}
 t - 2 scrolls of immolation {unknown}
 v - 2 scrolls of remove curse
 y - 2 scrolls of amnesia {unknown}
 B - 8 scrolls of teleportation {unknown}
 C - a scroll of random uselessness {unknown}
 H - 4 scrolls of enchant armour {unknown}
 I - a scroll of fear {unknown}
 J - 2 scrolls of brand weapon {unknown}
Potions
 d - 2 potions of might
 g - a potion of mutation {unknown}
 j - 2 potions of lignification {unknown}
 p - 3 potions of agility
 q - a potion of heal wounds {unknown}
 r - a potion of flight {unknown}
 u - 3 potions of berserk rage
 x - a potion of haste {unknown}
 A - 4 potions of resistance {unknown}
 D - 2 potions of invisibility {unknown}
 E - 2 potions of brilliance {unknown}
 F - a potion of ambrosia {unknown}
Comestibles
 f - 7 bread rations
 h - 9 royal jellies
 m - 6 fruits
 z - 5 meat rations


   Skills:
 + Level 7.4 Fighting
 + Level 5.0(6.2) Axes
   Level 6.2(7.2) Maces & Flails
 + Level 8.1 Armour
 + Level 2.9 Dodging
 + Level 0.8 Stealth
 + Level 10.7 Shields


You had 9 spell levels left.
You didn't know any spells.

Dungeon Overview and Level Annotations

Branches:
Dungeon (10/15)            Temple (1/1) D:7
   Lair: D:8-11         Orc: D:9-12

Altars:
Ashenzari
Cheibriados
Dithmenos
Elyvilon
Fedhas
Gozag
Hepliaklqana Ieoh Jian
Kikubaaqudgha
Nemelex Xobeh
Okawaru
Qazlal
Ru
Sif Muna
Vehumet
Xom
Yredelemnul
Zin
The Shining One

Shops:
D:4 (   D:5 (   D:6 [

Annotations:
D:4 Sigmund


Innate Abilities, Weirdness & Mutations

You are resistant to torment.
Your stone body is resilient. (AC +7)
You are immune to poison.
You resist negative energy. (rN+)
You are resistant to electric shocks. (rElec)
You can survive without breathing.
You are immune to petrification.
You are immune to rotting.


Message History

A wyvern comes into view.
It was a potion of berserk rage.
A red film seems to cover your vision as you go berserk!
You feel yourself moving faster!
You feel mighty! The hell hound breathes flames at you.
The blast of flame hits you! You block the hell hound's attack. x2
The hell hound bites you.
* * * LOW HITPOINT WARNING * * *
You slash the hell hound!
The hell hound is moderately wounded.
You closely miss the hell hound. You block the hell hound's attack.
The hell hound closely misses you.
You barely miss the hell hound. You block the hell hound's attack.
You closely miss the hell hound.
The hell hound bites you but does no damage.
You slash the hell hound!
The hell hound is moderately wounded.
The hell hound breathes flames at you. The blast of flame hits you!
You die...

###.#######
...$......#
##.####<#.#
#.....)...###.#
#..####..hl.$.#
###h###.# #@#
#.# #.# ..# ###


You could see 2 hell hounds and a wyvern.

Vanquished Creatures
  A cyclops (D:8)
  Grinder (D:5)
  3 trolls
  A hippogriff (D:8)
  5 yaks
  A wraith (D:8)
  3 hogs (D:7)
  A human (D:7)
  A water moccasin (D:8)
  A phantom (D:9)
  A black bear (D:7)
  A necrophage (D:7)
  2 ogres
  The ghost of shmesh the Sneak, an amateur OpMo (D:3)
  3 centaurs
  Blork the orc (D:5)
  An elf zombie (D:7)
  An elf skeleton (D:7)
  5 bullfrogs
  4 scorpions
  3 wights (D:9)
  A lava snake (D:8)
  A crimson imp (D:5)
  A centaur zombie (Ossuary)
  A jelly (D:6)
  A quasit (D:7)
  5 hounds
  2 orc priests
  A bullfrog skeleton (D:8)
  2 human skeletons (D:7)
  5 orc wizards
  Jessica (D:2)
  Ijyb (D:2)
  5 iguanas
  6 worker ants
  2 big kobold zombies (Ossuary)
  A hound skeleton (D:7)
  2 mummies (Ossuary)
  A worker ant zombie (D:5)
  11 gnolls
  8 adders
  2 shadow imps
  An ooze (D:3)
  3 adder zombies
  2 adder skeletons
  4 worms
  4 dart slugs
  5 leopard geckos
  9 orcs
  A ball python (D:3)
  7 bats
  4 giant cockroaches
  9 hobgoblins
  10 jackals
  3 quokkas
  3 frilled lizards (D:1)
  7 goblins
  A goblin zombie (Ossuary)
  5 hobgoblin zombies (Ossuary)
  3 jackal zombies (Ossuary)
  9 kobolds
  13 kobold zombies (Ossuary)
  A leopard gecko zombie (D:6)
  2 orc skeletons (D:7)
  9 orc zombies (Ossuary)
  A quokka skeleton (D:7)
  10 rats
  A rat zombie (Ossuary)
228 creatures vanquished.

Vanquished Creatures (others)
  A plant (D:4)
1 creature vanquished.

Grand Total: 229 creatures vanquished

Notes
Turn   | Place    | Note
-------+----------+-------------------------------------------
     0 | D:1      | polly the Gargoyle Fighter began the quest for the Orb.
     0 | D:1      | Reached XP level 1. HP: 14/14 MP: 1/1
    66 | D:1      | Reached XP level 2. HP: 11/19 MP: 2/2
   336 | D:1      | Reached XP level 3. HP: 22/23 MP: 3/3
   423 | D:1      | Reached skill level 4 in Shields
   611 | D:2      | Noticed Jessica
   622 | D:2      | Killed Jessica
   622 | D:2      | Reached XP level 4. HP: 21/28 MP: 4/4
   819 | D:2      | Noticed Ijyb
   843 | D:2      | Killed Ijyb
   855 | D:2      | Reached skill level 1 in Dodging
   855 | D:2      | Reached XP level 5. HP: 28/33 MP: 5/5
  1285 | D:3      | Noticed shmesh's ghost (amateur OpMo)
  1295 | D:3      | Killed shmesh's ghost
  1309 | D:3      | Reached XP level 6. HP: 22/38 MP: 6/6
  2108 | D:4      | Found Dagredy's Antique Weapon Shop.
  2140 | D:4      | Reached skill level 5 in Shields
  2630 | D:4      | Reached XP level 7. HP: 19/43 MP: 7/7
  2836 | D:4      | Found a sacrificial altar of Ru.
  2881 | D:4      | Noticed Sigmund
  3246 | D:5      | Entered Level 5 of the Dungeon
  3441 | D:5      | Found a white marble altar of Elyvilon.
  3455 | D:5      | Found a blossoming altar of Fedhas.
  3457 | D:5      | Noticed Grinder
  3464 | D:5      | Paralysed by Grinder for 3 turns
  3474 | D:5      | Reached skill level 5 in Maces & Flails
  3482 | D:5      | Paralysed by Grinder for 3 turns
  3501 | D:5      | Killed Grinder
  3576 | D:5      | Noticed Blork the orc
  3584 | D:5      | Killed Blork the orc
  3584 | D:5      | Reached XP level 8. HP: 40/48 MP: 8/8
  3591 | D:5      | Found Wuydapueg's Antique Weapon Boutique.
  3817 | D:5      | Reached skill level 6 in Shields
  3845 | D:5      | Reached skill level 5 in Armour
  3997 | D:5      | Found a snail-covered altar of Cheibriados.
  4258 | D:6      | Found Duoroz's Antique Armour Shop.
  4464 | D:6      | Reached skill level 5 in Fighting
  4479 | D:6      | Reached skill level 7 in Shields
  4641 | D:6      | Found a sparkling altar of Nemelex Xobeh.
  4642 | D:6      | Found an opulent altar of Gozag.
  4798 | D:7      | Reached XP level 9. HP: 53/54 MP: 9/9
  4943 | D:7      | Reached skill level 8 in Shields
  4974 | D:7      | Found a sand-covered staircase.
  4993 | Ossuary  | Entered an ossuary
  5593 | D:7      | Reached skill level 9 in Shields
  5910 | D:7      | Found a staircase to the Ecumenical Temple.
  5920 | Temple   | Entered the Ecumenical Temple
  5978 | Temple   | Became a worshipper of Warmaster Okawaru
  6461 | D:8      | Noticed a cyclops
  6481 | D:8      | HP: 2/56 [cyclops/large rock (23)]
  6776 | D:8      | Reached XP level 10. HP: 61/61 MP: 10/10
  6784 | D:8      | Reached skill level 1 in Axes
  6858 | D:8      | Reached skill level 10 in Shields
  7138 | D:8      | Killed a cyclops
  7138 | D:8      | Reached * piety under Okawaru
  8084 | D:9      | Reached ** piety under Okawaru
  8148 | D:10     | Entered Level 10 of the Dungeon
  8520 | D:9      | Reached skill level 5 in Axes
  8677 | D:9      | Found an iron altar of Okawaru.
  8737 | D:10     | HP: 2/94 [hell hound (4)]
  8742 | D:10     | Killed from afar by a hell hound

Vault maps used:
D:1:      sevenhm_arrival_forest_fort_small_6
D:2:      serial_bayou_pond_c, uniq_jessica, uniq_iyjb
D:3:      minivault_4
D:4:      serial_shops, shop_coins, serial_bayou_ford_a,
          nicolae_ru_the_path_less_chosen, uniq_sigmund
D:5:      kennysheep_mini_moat, kennysheep_slug_shrine,
          overflow_temple_1_default, first_bread, serial_shops, shop,
          minmay_misc_feat_tiny, kennysheep_generic_room_14, uniq_grinder,
          uniq_blork_the_orc
D:6:      grunt_temple_overflow_opulence, serial_shops,
          nicolae_shop_overgrown_old_shop
D:7:      minmay_temple_entry_metal_lava, nicolae_ossuary_entry_catacombs,
          grunt_livestock
D:8:      kennysheep_generic_room_5
D:9:      minitemple, minmay_lair_entry_lava, hiddenorc1_lemuel, serial_shops,
          nicolae_shop_temple_entry_statues_fountains, basic_altar
D:10:     serial_shops, shop
Temple:   eino_temple_water
Ossuary:  ossuary_tomb_1

Skill      XL: |  1  2  3  4  5  6  7  8  9 10 |
---------------+-------------------------------+-----
Shields        | 4 5 7 9 10 | 10.7
Maces & Flails | 3 4 5 6 |  6.2
Dodging        | 1 2 |  2.9
Fighting       | 4 5 6 7 |  7.4
Armour         | 4 6 7 8 |  8.1
Axes           | 5 |  5.0
Stealth        | |  0.8

Action                   |  1- 3 |  4- 6 |  7- 9 | 10-12 || total
-------------------------+-------+-------+-------+-------++-------
Melee: Flail             |   101 |   293 |   642 |       ||  1036
       Hand axe          |       |       |    34 |   402 ||   436
  Use: Potion            |       |       |     8 |     7 ||    15
       Scroll            |       |       |       |     2 ||     2
  Eat: Chunk             |       |     6 |    16 |     9 ||    31
       Royal jelly       |       |       |     1 |       ||     1
Armor: Scale mail        |    72 |   165 |    21 |       ||   258
       Plate armour      |       |       |   361 |   270 ||   631
Dodge: Dodged            |    34 |   107 |   188 |   104 ||   433
Block: Shield            |    75 |   187 |   455 |   267 ||   984
